 Dungeon Crawl Stone Soup version 0.26-a0-712-ga5a9c9c9d0 (webtiles) character file.

Game seed: 3858056062228606792

48703 Sapher the Frost Mage (level 14, -1/109 HPs)
             Began as a Palentonga Summoner on Nov 7, 2020.
             Was an Elder of Vehumet.
             Slain by a death scarab (14 damage)
             ... in a Gauntlet.
             The game lasted 00:59:06 (28487 turns).

Sapher the Frost Mage (Palentonga Summoner)        Turns: 28487, Time: 00:59:07

Health: -1/109     AC: 16    Str: 13    XL:     14   Next: 13%
Magic:  30/31      EV: 10    Int: 25    God:    Vehumet [****..]
Gold:   1544       SH:  4    Dex: 11    Spells: 22/39 levels left

rFire    . . .     SeeInvis +   v - +10 spear "Uklaar" {vorpal, rPois rC+ Int+6}
rCold    + + .     Faith    .   O - +0 buckler
rNeg     . . .     Spirit   .   B - +2 robe {rF+}
rPois    +         Reflect  .   V - +2 hat {MR+}
rElec    .         Harm     .   d - scarf {repulsion}
rCorr    .         Rampage  .   Q - +0 pair of gloves
MR       +++..     NoTele   +   (no barding)
Stlth    ++........             Z - amulet of regeneration
HPRegen  0.68/turn              j - ring of ice
MPRegen  0.22/turn              u - ring of protection from magic

@: slowed, repel missiles, very slow
A: large, claws 1, rugged brown scales 3, see invisible, deformed body, wild
magic 1, roll, armoured tail, reflexive curl
a: Rolling Charge, Renounce Religion


You were in a Gauntlet.
You worshipped Vehumet.
Vehumet was greatly pleased with you.
You visited 3 branches of the dungeon, and saw 20 of its levels.
You visited 1 bazaar.
You also visited: Bailey and Gauntlet.

You collected 1586 gold pieces.
You spent 42 gold pieces at shops.

Inventory:

Hand Weapons
 a - a +5 scimitar of protection
 v - the +10 spear "Uklaar" (weapon) {vorpal, rPois rC+ Int+6}
   (You found it on level 4 of the Dungeon)

   It inflicts extra damage upon your enemies.
   It affects your intelligence (+6).
   It protects you from cold.
   It protects you from poison.
 A - a +1 whip of electrocution
 K - a +2 dagger of distortion
Missiles
 b - 648 stones (quivered)
Armour
 d - a scarf of repulsion (worn)
 l - +2 steam dragon scales
 x - a +0 ring mail of poison resistance
 B - a +2 robe of fire resistance (worn)
 E - a scarf of invisibility
 O - a +0 buckler (worn)
 Q - a +0 pair of gloves (worn)
 V - a +2 hat of magic resistance (worn)
Jewellery
 c - an uncursed ring of stealth
 j - a ring of ice (left hand)
 u - a ring of protection from magic (right hand)
 M - a +4 ring of protection {unknown}
 R - an uncursed ring of poison resistance {unknown}
 X - an uncursed amulet of magic regeneration {unknown}
 Z - an amulet of regeneration (around neck)
Wands
 e - a wand of polymorph (6)
 z - a wand of flame (26)
 C - a wand of paralysis (11)
 F - a wand of iceblast (5)
 I - a wand of disintegration (15)
 N - a wand of acid (30)
Scrolls
 g - 5 scrolls of enchant weapon
 m - 2 scrolls of immolation
 o - 9 scrolls of remove curse
 r - 10 scrolls of enchant armour
 t - 4 scrolls of teleportation
 y - 4 scrolls of fog
 G - a scroll of vulnerability
 H - 2 scrolls of fear
 P - 2 scrolls of magic mapping
 S - a scroll of blinking
 T - 8 scrolls of identify
 W - a scroll of acquirement {unknown}
Potions
 f - 2 potions of invisibility
 h - 2 potions of cancellation
 i - a potion of mutation
 k - 5 potions of heal wounds
 n - 4 potions of curing
 p - 3 potions of haste
 q - 6 potions of brilliance
 w - 2 potions of lignification
 D - 3 potions of resistance
 J - a potion of flight
 L - a potion of ambrosia {unknown}
 U - 2 potions of magic {unknown}
 Y - a potion of stabbing {unknown}
Miscellaneous
 s - a box of beasts (2/3)


   Skills:
 - Level 3.0 Fighting
 - Level 6.0 Polearms
 - Level 1.5 Dodging
 - Level 1.2 Stealth
 - Level 4.0 Shields
 + Level 13.1 Spellcasting
 - Level 7.0 Summonings
 * Level 13.1 Ice Magic
 - Level 4.0 Air Magic
 - Level 2.0 Evocations


You had 22 spell levels left.
You knew the following spells:

 Your Spells              Type           Power        Failure   Level
a - Summon Small Mammal   Summ           ####         1%          1
b - Call Imp              Summ           ######..     1%          2
c - Summon Ice Beast      Ice/Summ       #######.     1%          4
d - Ozocubu's Refrigerat  Ice            ########..   1%          6
L - Summon Lightning Spi  Summ/Air       ######..     6%          4

Your spell library contained the following spells:

 Spells                   Type           Power        Failure   Level
 Fireball                 Conj/Fire      ###.......   30%         5
 Ensorcelled Hibernation  Hex/Ice        ######       1%          2
 Call Canine Familiar     Summ           ######..     1%          3
 Mephitic Cloud           Conj/Pois/Air  ####....     2%          3
 Poisonous Vapours        Pois/Air       ####..       4%          2
 Conjure Flame            Conj/Fire      ###.....     4%          3
 Dazzling Flash           Conj/Hex       ###...       4%          3
 Summon Guardian Golem    Hex/Summ       #####...     4%          3
 Animate Skeleton         Necr           ###...       6%          1
 Apportation              Tloc           ###...       6%          1
 Corona                   Hex            ###....      6%          1
 Confusing Touch          Hex            ###.....     16%         3
 Lesser Beckoning         Tloc           ###.......   16%         3
 Tukima's Dance           Hex            ###.....     16%         3
 Freezing Cloud           Conj/Ice/Air   ######....   17%         6
 Alistair's Intoxication  Tmut/Pois      ###......    77%         5
 Invisibility             Hex            ###.....     100%        6


Dungeon Overview and Level Annotations

Branches:
Dungeon (13/15)            Temple (1/1) D:7            Lair (6/6) D:11
 Shoals (0/4) Lair:3       Spider (0/4) Lair:3        Slime (0/5) Lair:5
    Orc (0/2) D:9          Bailey (visited)         Gauntlet (1/1)
 Vaults: D:13-14

Altars:
Ashenzari
Cheibriados
Elyvilon
Fedhas
Hepliaklqana
Kikubaaqudgha
Nemelex Xobeh
Okawaru
Ru
Sif Muna
Trog
Uskayaw
Vehumet
Xom
Zin
Jiyva

Shops:
D:8 :   D:11 ?

Annotations:
D:3 Grinder
D:12 2 exclusions, Josephine, Urug
Lair:1 2 transporters Gauntlet 21 runed translucent doors, 7 transporters


Innate Abilities, Weirdness & Mutations

You are completely covered in rugged brown scales. (AC +3, +7% HP)
You have supernaturally acute eyesight. (SInv)
Armour fits poorly on your strangely shaped body.
You can roll at foes to attack.
You have a long armoured tail.
You curl defensively after being hit.
You have sharp fingernails.
Your spells are a little harder to cast, but a little more powerful.


Message History

Evoke which item? (* to show all) (? for menu, Esc to quit)
Okay, then.
As you read the scroll of fear, it crumbles to dust.
You assume a fearsome visage.
Your lightning spire is unaffected.
The spectral death yak is unaffected.
The death scarab is unaffected.
The death scarab bites you!! The death scarab drains your vigour!
You feel as though you will be slow longer.
The death scarab draws strength from your injuries!
The death scarab bites you!
* * * LOW HITPOINT WARNING * * *
The death scarab draws strength from your injuries!
The death scarab bites you!
* * * LOW HITPOINT WARNING * * *
The death scarab drains your vigour!
You feel as though you will be slow longer.
The death scarab draws strength from your injuries!
The spectral death yak gores your lightning spire!
The death scarab bites you!
You die...

###...8.#...#...≈8≈.....
#.....#.©.#...§≈......
###..###########...#####
#8#..#.........#.8.#.##.
###..#.#...###.#...#.##.
#..#...###...######..#
###..#.#8#...#.#...###.#
#8#..#.#.Z©#.#.#©.©###.#
###..#.@.###...#...#....
#..#.#B#...#.######.##
###..#.#...###B#...#..##
#8#..#..=.©?...#.8.#?...
###..###########...#####
#.....................
#§....................
######################
#8# #8# #8# #8# #8##≈


You could see a spectral death yak, a death scarab and a friendly lightning
spire (summoned).

Vanquished Creatures
  2 hydras (Lair:5)
  A catoblepas (Lair:6)
  7 death yaks
  A tengu warrior (D:13)
  Pikel (D:6)
  6 elephants (Lair:6)
  A wolf spider (Lair:6)
  A guardian serpent (Lair:6)
  8 black mambas
  3 centaur zombies
  A torpor snail (Lair:4)
  8 cane toads
  2 rime drakes
  6 komodo dragons
  An efreet (D:13)
  2 jumping spiders (Lair:3)
  A tengu conjurer (D:13)
  A troll (D:12)
  2 polar bears (Lair:5)
  2 hornets (Lair:6)
  16 blink frogs
  A blink frog (shapeshifter) (Gauntlet)
  A snapping turtle (Lair:3)
  5 dream sheep (Lair:5)
  A centaur simulacrum (Gauntlet)
  Sigmund (D:6)
  11 wyverns
  A redback (Lair:6)
  26 yaks
  3 shadows
  4 basilisks
  A steam dragon (D:7)
  21 water moccasins
  Duvessa (D:5)
  A sky beast (D:7)
  4 orc warriors
  An ice beast (D:13)
  2 black bears
  3 phantoms
  7 wolves
  A necrophage (D:5)
  An ogre (D:8)
  5 centaurs
  Blork the orc (D:5)
  9 bullfrogs
  Dowan (D:4)
  5 scorpions
  4 killer bees
  11 wights
  4 electric eels
  A bullfrog zombie (D:9)
  3 crimson imps (D:7)
  2 jellies
  2 wyvern simulacra (Gauntlet)
  5 orc priests
  2 bullfrog skeletons
  3 hounds
  3 orc wizards
  A centaur skeleton (D:9)
  4 iguanas
  6 worker ants
  A hound zombie (D:6)
  A worker ant zombie (D:9)
  4 gnolls
  5 adders
  A shadow imp (D:5)
  3 white imps
  3 ufetubi
  2 adder skeletons
  A worm (D:3)
  A dart slug (D:3)
  4 leopard geckos
  25 orcs
  7 bats
  4 giant cockroaches
  2 goblins (D:7)
  3 hobgoblins
  9 jackals
  3 kobolds
  6 quokkas
  2 frilled lizards
  A giant cockroach zombie (D:5)
  A quokka skeleton (D:5)
  2 quokka zombies
  3 rats
  A bush (Lair:6)
337 creatures vanquished.

Vanquished Creatures (collateral kills)
  Gastronok (Lair:1)
  Fannar (D:12)
  2 hydras
  4 death yaks (Lair:4)
  An orc knight (Bailey)
  A wolf spider (Lair:6)
  A cyclops (D:12)
  3 elephants (Lair:6)
  2 black mambas
  2 cane toads
  Maggie (D:9)
  2 komodo dragons
  A polar bear (Lair:6)
  Prince Ribbit (D:5)
  4 blink frogs
  A redback (Lair:6)
  A wraith (D:12)
  3 wyverns
  A basilisk (Lair:1)
  A nameless horror (D:6)
  11 yaks
  A warg (D:9)
  4 water moccasins
  7 orc warriors
  A sky beast (D:9)
  A black bear (D:11)
  A wolf (Lair:1)
  A necrophage (D:9)
  3 ogres
  2 centaurs
  5 bullfrogs
  3 scorpions
  5 killer bees
  A vampire bat (D:3)
  7 wights
  A centaur zombie (D:5)
  4 crimson imps (D:7)
  2 bullfrog zombies
  2 hounds (D:4)
  5 orc priests
  4 orc wizards
  A gnoll shaman (D:5)
  2 worker ants
  A worker ant zombie (D:11)
  10 gnolls
  3 adders
  An adder skeleton (D:4)
  A worm (D:2)
  5 leopard geckos
  20 orcs
  7 goblins
  3 hobgoblins
  3 jackals (D:1)
  2 quokkas
  2 ball pythons (D:4)
  13 bats
  A frilled lizard (D:4)
  11 kobolds
  A rat (D:2)
192 creatures vanquished.

Vanquished Creatures (others)
  An orc wizard (D:6)
  102 fungi
  125 plants
  12 withered plants (Gauntlet)
240 creatures vanquished.

Grand Total: 769 creatures vanquished

Notes
Turn   | Place    | Note
-------+----------+-------------------------------------------
     0 | D:1      | Sapher the Palentonga Summoner began the quest for the Orb.
     0 | D:1      | Reached XP level 1. HP: 14/14 MP: 3/3
   457 | D:1      | Reached XP level 2. HP: 21/21 MP: 5/5
   462 | D:1      | Learned a level 2 spell: Call Imp
  1888 | D:2      | Reached XP level 3. HP: 27/27 MP: 1/7
  2491 | D:2      | Found an iron altar of Okawaru.
  2979 | D:2      | Reached skill level 1 in Evocations
  3281 | D:3      | Reached XP level 4. HP: 35/35 MP: 1/8
  3640 | D:3      | Found a snail-covered altar of Cheibriados.
  3934 | D:3      | Learned a level 4 spell: Summon Lightning Spire
  4163 | D:3      | Reached XP level 5. HP: 40/40 MP: 3/10
  4164 | D:3      | Noticed Grinder
  4325 | D:3      | Paralysed by Grinder for 3 turns
  4600 | D:4      | Found a bloodstained altar of Trog.
  4920 | D:4      | Got a jewelled spear
  4921 | D:4      | Identified the +10 spear "Uklaar" {vorpal, rPois rC+ Int+6}
                  | (You found it on level 4 of the Dungeon)
  5180 | D:4      | Reached skill level 1 in Fighting
  5232 | D:4      | Reached skill level 1 in Air Magic
  5280 | D:4      | Reached skill level 1 in Polearms
  5281 | D:4      | Reached XP level 6. HP: 50/50 MP: 3/11
  5619 | D:5      | Entered Level 5 of the Dungeon
  5636 | D:5      | Noticed Blork the orc
  5761 | D:5      | Noticed an orc warrior
  6046 | D:5      | Killed an orc warrior
  6480 | D:5      | Gained mutation: You curl defensively after being hit.
                  | [Palentonga growth]
  6480 | D:5      | Reached XP level 7. HP: 46/55 MP: 10/13
  6885 | D:5      | Noticed Duvessa
  6895 | D:5      | Noticed Dowan
  6914 | D:5      | Killed Duvessa
  6914 | D:5      | Reached skill level 5 in Summonings
  7065 | D:4      | Killed Dowan
  7129 | D:5      | Killed Blork the orc
  7246 | D:5      | Noticed Prince Ribbit
  7260 | D:5      | Killed Prince Ribbit
  7260 | D:5      | Reached XP level 8. HP: 49/63 MP: 5/15
  7338 | D:5      | Found a broken altar of Ashenzari.
  7408 | D:6      | Reached skill level 5 in Spellcasting
  7440 | D:6      | Found a blossoming altar of Fedhas.
  8208 | D:6      | Noticed Pikel
  8225 | D:6      | Killed Pikel
  8248 | D:6      | Reached XP level 9. HP: 55/68 MP: 15/18
  8322 | D:6      | Noticed Sigmund
  8378 | D:6      | Killed Sigmund
  8666 | D:6      | Found a shimmering blue altar of Sif Muna.
  8865 | D:7      | Noticed a nameless horror
  8878 | D:6      | Killed a nameless horror
  9018 | D:7      | Found a staircase to the Ecumenical Temple.
  9024 | Temple   | Entered the Ecumenical Temple
  9044 | Temple   | Became a worshipper of Vehumet
  9123 | D:7      | Found a flagged portal.
  9128 | Bailey   | Entered a bailey
  9357 | Bailey   | Noticed an orc knight
  9377 | Bailey   | Killed an orc knight
  9485 | Bailey   | Reached skill level 5 in Polearms
  9638 | Bailey   | Found an iron altar of Okawaru.
  9646 | Bailey   | Got a scorched steel ring
  9647 | Bailey   | Identified the ring "Uhysoti" {*Contam MR+ Dex+3 Stlth-}
                  | (You found it in a bailey)
  9699 | D:7      | Learned a level 4 spell: Summon Ice Beast
  9753 | D:7      | Reached * piety under Vehumet
  9753 | D:7      | Offered knowledge of Freeze by Vehumet.
  9921 | D:7      | Reached skill level 1 in Ice Magic
 10688 | D:8      | Reached ** piety under Vehumet
 10688 | D:8      | Offered knowledge of Sandblast by Vehumet.
 11245 | D:8      | Found Inoaz's Book Shoppe.
 11267 | D:8      | Reached XP level 10. HP: 80/80 MP: 9/21
 11533 | D:8      | Found a hide-covered altar of Uskayaw.
 11950 | D:9      | Offered knowledge of Ignite Poison by Vehumet.
 12211 | D:9      | Reached *** piety under Vehumet
 12211 | D:9      | Reached skill level 1 in Shields
 12519 | D:9      | Found a staircase to the Orcish Mines.
 12528 | D:9      | Offered knowledge of Iskenderun's Mystic Blast by Vehumet.
 12966 | D:9      | Noticed Maggie
 12984 | D:9      | Killed Maggie
 13066 | D:9      | Found a sacrificial altar of Ru.
 13400 | D:9      | You fall into a shaft and drop 3 floors!
 13414 | D:12     | Reached skill level 5 in Ice Magic
 13493 | D:12     | Noticed a cyclops
 13505 | D:12     | Killed a cyclops
 13597 | D:11     | Reached **** piety under Vehumet
 13687 | D:11     | Found Nufesh's Magic Scroll Emporium.
 13745 | D:11     | Bought a scroll of magic mapping for 42 gold pieces
 13852 | D:10     | Entered Level 10 of the Dungeon
 13875 | D:10     | Offered knowledge of Bolt of Magma by Vehumet.
 15556 | D:11     | Reached XP level 11. HP: 67/87 MP: 7/23
 15680 | D:11     | Found a staircase to the Lair.
 16155 | D:12     | Noticed Fannar
 16170 | D:12     | Killed Fannar
 16273 | D:12     | Noticed Urug
 16536 | D:12     | Reached ***** piety under Vehumet
 16558 | D:12     | Noticed Josephine
 17027 | Lair:1   | Entered Level 1 of the Lair of Beasts
 17033 | Lair:1   | Offered knowledge of Ozocubu's Refrigeration by Vehumet.
 17041 | Lair:1   | Learned a level 6 spell: Ozocubu's Refrigeration
 18005 | Lair:1   | Found a transporter.
 18625 | Lair:1   | Found a transporter.
 18628 | Lair:1   | Noticed Gastronok
 18657 | Lair:1   | Killed Gastronok
 19287 | Lair:2   | Reached skill level 10 in Spellcasting
 19287 | Lair:2   | Reached XP level 12. HP: 95/95 MP: 11/26
 20506 | Lair:3   | Found a hole to the Spider Nest.
 20729 | Lair:3   | Found a staircase to the Shoals.
 21574 | Lair:4   | Noticed a death yak
 21583 | Lair:4   | Killed a death yak
 21583 | Lair:4   | Reached skill level 10 in Ice Magic
 21597 | Lair:4   | Noticed a death yak
 21604 | Lair:4   | Killed a death yak
 21865 | Lair:4   | Noticed a death yak
 21865 | Lair:4   | Noticed a death yak
 21868 | Lair:4   | Noticed a death yak
 21868 | Lair:4   | Noticed a death yak
 21869 | Lair:4   | Killed a death yak
 21870 | Lair:4   | Noticed a death yak
 21872 | Lair:4   | Noticed a death yak
 21904 | Lair:3   | Killed a death yak
 22251 | Lair:4   | Killed a death yak
 22252 | Lair:4   | Killed a death yak
 22260 | Lair:4   | Killed a death yak
 22269 | Lair:4   | Killed a death yak
 22499 | Lair:4   | Offered knowledge of Fireball by Vehumet.
 22607 | Lair:4   | Noticed a four-headed hydra
 22612 | Lair:4   | Killed a four-headed hydra
 23103 | Lair:5   | Noticed a four-headed hydra
 23106 | Lair:5   | Killed a four-headed hydra
 23537 | Lair:5   | Found a staircase to the Slime Pits.
 23538 | Lair:5   | Found a viscous altar of Jiyva.
 23584 | Lair:5   | Reached XP level 13. HP: 100/100 MP: 19/28
 24663 | Lair:6   | Entered Level 6 of the Lair of Beasts
 25647 | Lair:6   | Gained mutation: Your spells are a little easier to cast,
                  | but a little less powerful. [mutagenic glow]
 25716 | Lair:6   | Lost mutation: Your spells are a little easier to cast, but
                  | a little less powerful. [potion of mutation]
 25716 | Lair:6   | Gained mutation: You have sharp fingernails. [potion of
                  | mutation]
 25716 | Lair:6   | Gained mutation: Your spells are a little harder to cast,
                  | but a little more powerful. [potion of mutation]
 26813 | Lair:6   | Reached XP level 14. HP: 109/109 MP: 5/30
 27600 | D:6      | Identified Sif Muna's Collected Works on Darkness
 27949 | D:13     | Found a flickering gateway to a bazaar.
 27967 | Bazaar   | Entered a bazaar
 27967 | Bazaar   | Found Roet's Jewellery Shoppe.
 27967 | Bazaar   | Found Oczuot's Antique Weapon Shoppe.
 27967 | Bazaar   | Found Elaixt's Weapon Shop.
 27969 | Bazaar   | Found Kuuwnae's Weapon Shop.
 28075 | D:13     | Found a gate leading to a gauntlet.
 28088 | Gauntlet | Entered a Gauntlet
 28088 | Gauntlet | Found a large runed translucent door.
 28088 | Gauntlet | Found a large runed translucent door.
 28088 | Gauntlet | Found a large runed translucent door.
 28088 | Gauntlet | Found a large runed translucent door.
 28088 | Gauntlet | Found a runed translucent door.
 28088 | Gauntlet | Found a large runed translucent door.
 28088 | Gauntlet | Found a large runed translucent door.
 28088 | Gauntlet | Found a transporter.
 28088 | Gauntlet | Found a transporter.
 28088 | Gauntlet | Found a large runed translucent door.
 28088 | Gauntlet | Found a large runed translucent door.
 28088 | Gauntlet | Found a runed translucent gate.
 28088 | Gauntlet | Found a runed translucent gate.
 28088 | Gauntlet | Found a transporter.
 28088 | Gauntlet | Found a transporter.
 28128 | Gauntlet | Found a transporter.
 28138 | Gauntlet | Found a transporter.
 28153 | Gauntlet | Found a transporter.
 28163 | Gauntlet | Found a transporter.
 28178 | Gauntlet | Found a transporter.
 28184 | Gauntlet | Found a transporter.
 28198 | Gauntlet | Found a transporter.
 28203 | Gauntlet | Found a transporter.
 28209 | Gauntlet | Found a runed translucent gate.
 28267 | Gauntlet | Found a large runed translucent door.
 28267 | Gauntlet | Found a large runed translucent door.
 28268 | Gauntlet | Found a large runed translucent door.
 28269 | Gauntlet | Found a large runed translucent door.
 28270 | Gauntlet | Found a large runed translucent door.
 28270 | Gauntlet | Found a large runed translucent door.
 28270 | Gauntlet | Found a runed translucent door.
 28271 | Gauntlet | Found a large runed translucent door.
 28272 | Gauntlet | Found a large runed translucent door.
 28487 | Gauntlet | Slain by a death scarab

Illustrated notes

Levels and vault maps discovered:
D:1:      dpeg_arrival_long_road, layout_basic
D:2:      layout_basic, lemuel_round_altar
D:3:      layout_rooms, lemuel_crystal_altar, roderic_batcave, uniq_grinder
D:4:      layout_cave_pools, trog_three_pillars_becter
D:5:      layout_basic, evilmike_ruin_ashenzari, uniq_blork_the_orc,
          uniq_duvessa, uniq_prince_ribbit1
D:6:      layout_basic, fedhas_ov_isle_minmay, led_sif_book, uniq_pikel,
          uniq_sigmund
D:7:      layout_basic, temple_green, enter_bailey_3, minmay_nine_imps
D:8:      layout_basic, kennysheep_little_box, serial_shops, shop, st_stairs_13,
          grunt_ministairs_7, hangedman_decor_points, kennysheep_nub
D:9:      layout_rooms, erik_orc_3, basic_altar, uniq_maggie
D:10:     layout_basic, serial_bayou_lagoon_a
D:11:     layout_rooms, due_lair_maze_entry_diamond, serial_shops, shop
D:12:     layout_layer_cave, hangedman_decor_riveting, uniq_rupert,
          uniq_josephine, uniq_fannar, uniq_urug
D:13:     layout_loops_ring, gauntlet_entry_generic, serial_shops,
          bzr_entry_islet, nicolae_elemental_shop, nicolae_blasting_shop,
          item_on_display_a
Temple:   regret_index_temple_mists
Lair:1:   gammafunk_cloud_chamber, layout_cave_pods, uniq_gastronok
Lair:2:   layout_cave_shapes, grunt_megastairs_4
Lair:3:   layout_small_grid, minmay_shoals_entry_hut, spider_nest_entry_a
Lair:4:   layout_gridlike
Lair:5:   layout_roguey, slime_altar_1
Lair:6:   hangedman_lair_tendril_chambers, layout_regular_city,
          small_statue_intersection
Gauntlet: gammafunk_gauntlet_shortcut
          [minmay_gauntlet_arena_make_your_own_arena,
          gammafunk_gauntlet_arena_hedges, gammafunk_gauntlet_arena_mazey,
          nicolae_gauntlet_arena_flowing_pool, nicolae_gauntlet_arena_grate_2,
          gammafunk_gauntlet_arena_crates, gauntlet_exit_hidden_loot]

Skill      XL: |  1  2  3  4  5  6  7  8  9 10 11 12 13 14 |
---------------+-------------------------------------------+-----
Spellcasting   | 3 4 6 7 8 10 11 12 13 | 13.1
Evocations     | 1 2 |  2.0
Summonings     | 4 5 6 7 |  7.0
Fighting       | 1 2 3 |  3.0
Air Magic      | 1 2 3 4 |  4.0
Polearms       | 1 2 3 4 5 6 |  6.0
Ice Magic      | 3 6 9 10 12 13 | 13.1
Shields        | 3 4 |  4.0
Dodging        | |  1.5
Stealth        | |  1.2

Action                   |  1- 3 |  4- 6 |  7- 9 | 10-12 | 13-15 || total
-------------------------+-------+-------+-------+-------+-------++-------
Melee: Short sword       |    66 |    23 |       |       |       ||    89
       Unarmed           |     2 |       |       |       |       ||     2
       Tailslap          |     5 |    10 |    13 |    18 |    10 ||    56
       Flail             |       |    22 |       |       |       ||    22
       Spear             |       |    68 |   250 |   389 |    98 ||   805
Throw: Stone             |       |       |     1 |       |       ||     1
 Cast: Summon Small Mamm |    11 |       |       |       |       ||    11
       Call Imp          |    50 |    92 |    66 |     3 |     9 ||   220
       Summon Ice Beast  |       |       |    21 |   173 |    37 ||   231
       Summon Lightning  |       |       |    12 |     8 |     3 ||    23
       Ozocubu's Refrige |       |       |       |    64 |    77 ||   141
Evoke: Wand              |       |       |       |     2 |       ||     2
       Box of beasts     |       |       |       |     1 |     1 ||     2
  Use: Scroll            |     6 |     3 |     7 |     6 |     2 ||    24
       Potion            |       |       |     4 |       |     2 ||     6
 Stab: Distracted        |     1 |       |     2 |     6 |     1 ||    10
       Sleeping          |       |     1 |     4 |     3 |       ||     8
Armor: Robe              |    34 |    38 |    28 |    50 |    17 ||   167
       Leather armour    |       |     7 |    23 |       |       ||    30
Dodge: Dodged            |    57 |    88 |   105 |    95 |    23 ||   368
Block: Buckler           |       |       |       |    24 |     7 ||    31

Table legend: (Time is in decaauts)
 A = Elapsed time spent in this place.
 B = Non-inter-level travel time spent in this place.
 C = Inter-level travel time spent in this place.
 D = Time resting spent in this place.
 E = Time spent auto-exploring this place.
 F = Levels seen in this place.
 G = Mean time per level.
                   A        B        C        D        E       F      G
               +--------+--------+--------+--------+--------+-----+--------+
         Total |  28444 |  26803 |   1641 |   4308 |  17957 |  23 | 1236.7 |
       Dungeon |  16997 |  15727 |   1270 |   2729 |   9846 |  13 | 1307.5 |
        Temple |     48 |     28 |     20 |      0 |      0 |   1 |   48.0 |
          Lair |  10389 |  10039 |    350 |   1166 |   7921 |   6 | 1731.5 |
        Bazaar |     61 |     61 |      0 |      0 |      0 |   1 |   61.0 |
        Bailey |    551 |    551 |      0 |    312 |      0 |   1 |  551.0 |
      Gauntlet |    396 |    396 |      0 |    101 |    190 |   1 |  396.0 |
               +--------+--------+--------+--------+--------+-----+--------+

Top non-repeatable levels by time:
  Lair:6: 2450 daAuts
     D:2: 2087 daAuts
  Lair:1: 1867 daAuts
  Lair:4: 1798 daAuts
  Lair:5: 1794 daAuts
     D:1: 1696 daAuts
     D:6: 1612 daAuts
     D:9: 1580 daAuts
  Lair:3: 1562 daAuts
     D:8: 1478 daAuts
     D:5: 1471 daAuts
    D:12: 1345 daAuts
    D:10: 1241 daAuts
     D:7: 1149 daAuts
     D:4: 1145 daAuts
